cohdb
Replays
Latest Replays
All Replays
Popular Replays
Top Player Replays
Match Explorer
How It Works
Community
CoH3 Stats
Reddit
Sign in to upload your games and track your stats! →
Sign in with Steam
Match 45928159
Unlisted
Match 45928159
Overview
Messages
Build Orders
End
Engineer Squad
Construct Barracks
Selects Armored Battlegroup
Selects Veteran Crews
1⁄4-ton 4x4 Truck
Riflemen Squad
Riflemen Squad
Infantry Support Center
Riflemen Squad
Riflemen Squad
Construct Medical Station
Advanced Logistics
Grenade Package
Selects Fast Deploy
Construct Motor Pool
M1 Anti-tank Gun Team
Selects M8 Scott SPG
M24 Chaffee Light Tank
M1 Anti-tank Gun Team
M8 Scott SPG
Riflemen Squad
Selects M4A3E8 Sherman Combat Group
M4A3E8 Sherman Combat Group
.30 cal Machine Gun
Xandr27
Nostalgi@
0
0
Comments
sign in to comment!
No comments posted yet!